 Dungeon Crawl Stone Soup version 0.25-a0-2-g6559c6c67a (webtiles) character file.

Game seed: 320222456876029940, levelgen mode: deterministic

632 Peloso the Slasher (level 7, -1/61 HPs)
             Began as a Minotaur Fighter on Oct 14, 2019.
             Killed by divine providence
             ... invoked by an orc priest
              (15 damage)
             ... on level 6 of the Dungeon.
             The game lasted 00:06:05 (3507 turns).

Peloso the Slasher (Minotaur Fighter)               Turns: 3507, Time: 00:06:10

Health: -1/61      AC: 13    Str: 22    XL:     7   Next: 24%
Magic:  6/6        EV:  6    Int:  5    God:
Gold:   123        SH: 10    Dex: 12    Spells: 6/6 levels left

rFire    . . .     SeeInvis .   a - +0 long sword
rCold    . . .     Gourm    .   c - +0 shield
rNeg     . . .     Faith    .   b - +0 chain mail
rPois    .         Spirit   .   (helmet restricted)
rElec    .         Reflect  .   (no cloak)
rCorr    .         Harm     .   r - +0 pair of gloves (curse)
MR       .....                  (no boots)
Stlth    ..........             (no amulet)
HPRegen  0.20/turn              i - +2 ring of dexterity
MPRegen  0.10/turn              (no ring)

@: berserk cooldown, slowed, very slow
A: retaliatory headbutt, horns 2, yellow scales 1, mutation resistance 1
a: no special abilities


You were on level 6 of the Dungeon.
You were hungry.

You visited 1 branch of the dungeon, and saw 6 of its levels.

You collected 123 gold pieces.

Inventory:

Hand Weapons
 a - a +0 long sword (weapon)
Armour
 b - a +0 chain mail (worn)
 c - a +0 shield (worn)
 r - a cursed +0 pair of gloves (worn)
Jewellery
 i - a +2 ring of dexterity (left hand)
Wands
 u - a wand of digging (2)
Scrolls
 e - 3 scrolls of enchant armour {unknown}
 g - 4 scrolls of remove curse {unknown}
 h - a scroll of noise {unknown}
 k - 3 scrolls of amnesia {unknown}
 m - a scroll of teleportation {unknown}
 p - a scroll of blinking {unknown}
 s - 2 scrolls of immolation {unknown}
 v - a scroll of identify {unknown}
Potions
 d - 2 potions of might
 l - a potion of berserk rage
 n - a potion of mutation
 q - 2 potions of flight {unknown}
 t - 2 potions of resistance {unknown}
 w - a potion of degeneration {unknown}
 x - a potion of lignification {unknown}
Comestibles
 f - 5 rations
 z - 4 chunks of flesh


   Skills:
 + Level 5.0 Fighting
 + Level 6.4 Long Blades
 + Level 5.3 Armour
 + Level 1.5 Dodging
 + Level 0.2 Stealth
 + Level 5.8 Shields


You had 6 spell levels left.
You didn't know any spells.
Your spell library contained the following spells:

 Spells                   Type           Power        Failure   Level  Hunger
 Corona                   Hex            #......      100%        1    ##.....
 Ensorcelled Hibernation  Hex/Ice        #.....       100%        2    ###....
 Confuse                  Hex            #.......     100%        3    ####...
 Dazzling Spray           Conj/Hex       #.....       100%        3    ####...
 Tukima's Dance           Hex            #.......     100%        3    ####...


Dungeon Overview and Level Annotations

Branches:
Dungeon (6/15)
 Temple: D:4-7

Altars:

Shops:
D:4 (


Innate Abilities, Weirdness & Mutations

You reflexively headbutt those who attack you in melee.
You have a pair of horns on your head.
You are partially covered in yellow scales. (AC +2)
You are somewhat resistant to further mutation.


Message History

The orc warrior hits you with a +0 scimitar!
* * * LOW HITPOINT WARNING * * *
You bump into the rock wall.
The orc priest looks braver for a moment.
You're too confused to move!
You feel a strong urge to attack something.
The orc warrior hits you with a +0 scimitar.
* * * LOW HITPOINT WARNING * * *
You bump into the rock wall.
You are no longer berserk.
You are exhausted.
You feel yourself slow down.
You bump into the rock wall.
You feel less invigorated.
You feel less confused. The orc warrior barely misses you.
The orc priest looks encouraged for a moment.
You block the orc warrior's attack.
The orc priest invokes the aid of Beogh against you.
Beogh smites you!
You die...

### ..# #.# #.# .$ .h....
.....#..#.# ..#.#.h#.#
.......#.# #.#.#..#@# #
####.#....#o##.#
.....#....#oo..###
######...o...h.......
.......)..oo##########
#####..###....#......
....>..............
############.##.#########
#.............


You could see an orc warrior, 2 orc priests and a jackal.

Vanquished Creatures
  Grinder (D:4)
  Edmund (D:5)
  A howler monkey (D:5)
  2 hounds
  A centaur skeleton (D:4)
  An orc wizard (D:5)
  A worker ant (D:5)
  3 gnolls (D:2)
  5 adders
  An adder skeleton (D:4)
  A worm (D:2)
  2 leopard geckos (D:3)
  11 orcs
  A giant cockroach (D:5)
  7 goblins
  7 hobgoblins
  3 quokkas
  2 ball pythons
  4 bats
  5 frilled lizards
  10 kobolds
  A quokka skeleton (D:5)
  8 rats
79 creatures vanquished.

Notes
Turn   | Place    | Note
-------+----------+-------------------------------------------
     0 | D:1      | Peloso the Minotaur Fighter began the quest for the Orb.
     0 | D:1      | Reached XP level 1. HP: 19/19 MP: 0/0
   112 | D:1      | Reached XP level 2. HP: 20/27 MP: 1/1
   267 | D:1      | Gained mutation: You are somewhat resistant to further
                  | mutation. [potion of mutation]
   267 | D:1      | Gained mutation: You are partially covered in yellow
                  | scales. (AC +2) [potion of mutation]
   704 | D:2      | Reached XP level 3. HP: 21/33 MP: 2/2
   760 | D:2      | Reached skill level 3 in Long Blades
  1153 | D:2      | Reached XP level 4. HP: 40/40 MP: 3/3
  1591 | D:3      | You fall into a shaft and drop 1 floor!
  1616 | D:4      | Reached skill level 4 in Long Blades
  1616 | D:4      | Reached XP level 5. HP: 21/46 MP: 4/4
  2184 | D:4      | Reached skill level 5 in Shields
  2218 | D:4      | Found Edghezxoom's Weapon Emporium.
  2626 | D:5      | Entered Level 5 of the Dungeon
  2626 | D:5      | Noticed Grinder
  2652 | D:4      | Killed Grinder
  2652 | D:4      | Reached skill level 5 in Long Blades
  2652 | D:4      | Reached skill level 1 in Dodging
  2652 | D:4      | Reached XP level 6. HP: 28/53 MP: 5/5
  2809 | D:5      | Noticed Edmund
  2821 | D:5      | Killed Edmund
  2821 | D:5      | Reached skill level 6 in Long Blades
  2821 | D:5      | Reached skill level 5 in Armour
  2821 | D:5      | Reached XP level 7. HP: 51/60 MP: 6/6
  2829 | D:5      | Reached skill level 5 in Fighting
  3499 | D:6      | HP: 2/61 [orc warrior/+0 scimitar (14)]
  3507 | D:6      | Killed from afar by an orc priest

Levels and vault maps discovered:
D:1:      minmay_arrival_three_doors, layout_basic, minmay_strange_pillars,
          minmay_misc_feat_more_columns
D:2:      layout_rooms
D:3:      layout_loops_cross, first_ration, minmay_misc_feat_doors
D:4:      layout_cave_pools, serial_shops, shop
D:5:      lemuel_ice_spiral_2, layout_rooms, roderic_roman_lattice,
          uniq_grinder, uniq_edmund
D:6:      layout_basic, lightli_temple_of_fire, minmay_misc_feat_room,
          fedhas_altar_2

Skill      XL: |  1  2  3  4  5  6  7 |
---------------+----------------------+-----
Fighting       | 4 5 |  5.0
Shields        | 4 5 |  5.8
Armour         | 4 5 |  5.3
Long Blades    | 3 4 5 6 |  6.4
Dodging        | 1 |  1.5
Stealth        | |  0.2

Action                   |  1- 3 |  4- 6 |  7- 9 || total
-------------------------+-------+-------+-------++-------
Melee: Long sword        |    89 |   102 |    44 ||   235
       Headbutt          |    13 |    20 |     7 ||    40
  Use: Potion            |     4 |       |     3 ||     7
  Eat: Chunk             |       |     6 |     2 ||     8
Armor: Scale mail        |    59 |     5 |       ||    64
       Chain mail        |       |    68 |    26 ||    94
Dodge: Dodged            |    33 |    27 |    12 ||    72
Block: Shield            |    57 |    67 |    28 ||   152
       Rpst.: Long sword |     5 |     8 |     2 ||    15

Table legend:
 A = Non-vault XP
 B = Vault XP
 C = Vault XP percentage of total XP
 D = Non-vault monster count
 E = Vault monster count
 F = Vault count percentage of total count
                 A         B        C        D         E       F
            +---------+---------+-------+---------+---------+-------
      Total |     480 |     424 |  46.9 |      77 |       2 |   2.5
            +---------+---------+-------+---------+---------+-------
        D:1 |      25 |       0 |   0.0 |      18 |       0 |   0.0
        D:2 |     101 |       0 |   0.0 |      22 |       0 |   0.0
        D:3 |      27 |       0 |   0.0 |      13 |       0 |   0.0
        D:4 |     129 |     262 |  67.0 |       9 |       1 |  10.0
        D:5 |     195 |     162 |  45.4 |      14 |       1 |   6.7
        D:6 |       3 |       0 |   0.0 |       1 |       0 |   0.0
            +---------+---------+-------+---------+---------+-------
